Unix NetHack Version 5.0.0-0 post-release - last build Jun 10 2026 00:39:30 (3ee93aec679c4c4259841fe613dc97188e26a321,branch:main).

Game began 2026-06-15 00:39:59, ended 2026-06-15 00:45:05.

ARFwashere, neutral male human Archeologist

         -.| --.
        .........
       -..........
          -..(@...
         --...f...
       ........k.
      -..........
          .......
           .....
            --*

ARFwashere the Digger      St:12 Dx:9 Co:13 In:17 Wi:15 Ch:9  Neutral
Dlvl:3  $:44 HP:0(13) Pw:2(2) AC:8  Xp:1 T:837 

Latest messages:
 What do you want to drop? [$a-jno or ?*] c
 You drop an uncursed +0 fedora.
 What do you want to wear? [o or ?*] o
 You finish your dressing maneuver.
 You swap places with your kitten.
 The kitten picks up an uncursed +0 fedora.
 The kitten drops an uncursed +0 fedora.
 You see here a +0 plate mail.
 You descend the stairs.
 What do you want to adjust? [abd-jno or ?*] i
 Adjust letter to what [cik-mp-zA-Z] (? see used letters)? l
 Moving: l - an uncursed oil lamp.
 What do you want to adjust? [abd-hjlno or ?*] h
 Adjust letter to what [chikmp-zA-Z] (? see used letters)? i
 Moving: i - an empty uncursed sack.
 What do you want to use or apply? [e-giln or ?*] l
 Your lamp is now on.
 The kitten misses the gnome.
 The kitten misses the gnome.
 The kitten bites the gnome.
 The gnome misses the kitten.
 You see here a scroll labeled GARVEN DEH.
 The kitten bites the gnome.
 The gnome is killed!
 You decipher the label on your scroll labeled GARVEN DEH.
 p - a scroll of enchant armor.
 You miss the gnome.
 You miss the gnome.
 The gnome hits!
 It is hit.
 You miss the gnome.
 The kitten misses the gnome.
 The dart hits the gnome lord.
 You kill the gnome!
 The kitten misses the gnome lord.
 The kitten bites the gnome lord.
 The kitten misses the gnome lord.
 You miss the gnome lord.
 The kitten bites the gnome lord.
 The gnome lord is killed!
 You are hit by a crossbow bolt.
 You are hit by a crossbow bolt.
 You swap places with your kitten.
 You are hit by a crossbow bolt.
 You die...
 Do you want your possessions identified? [ynq] (y) y
 Do you want to see your attributes? [ynq] (y) y
 Do you want an account of creatures vanquished? [ynaq] (y) n
 Do you want to see your conduct and achievements? [ynq] (y) n
 Do you want to see the dungeon overview? [ynq] (y) n

Inventory:
 Coins    ('$')
  $ - 44 gold pieces
 Weapons  (')')
  n - a +2 bullwhip (alternate weapon; not wielded)
  a - a +0 silver saber (weapon in right hand)
 Armor    ('[')
  o - an uncursed +0 orcish helm (being worn)
  b - an uncursed +0 leather jacket (being worn)
 Comestibles  ('%')
  d - 8 uncursed food rations
 Scrolls  ('?')
  p - an uncursed scroll of enchant armor
 Potions  ('!')
  j - an uncursed potion of restore ability
 Tools    ('(')
  i - an empty uncursed sack
  l - an uncursed oil lamp (lit)
  e - a +0 pick-axe
  f - a tinning kit (0:36)
 Gems/Stones  ('*')
  g - an uncursed touchstone

ARFwashere the Archeologist's attributes:

Background:
 You were a Digger, a level 1 male human Archeologist.
 You were neutral, on a mission for Camaxtli
 who was opposed by Quetzalcoatl (lawful) and Huhetotl (chaotic).
 You were right-handed.
 You were in the Gnomish Mines, on level 3.
 You entered the dungeon 837 turns ago.
 It was the midnight hour.
 There was a new moon in effect when your adventure ended.
 You had 16 experience points, 4 more were needed to attain level 2.

Basics:
 You had 0 out of 13 hit points.
 You had both energy points (spell power).
 Your armor class was 8.
 Your wallet contained 44 zorkmids.
 Autopickup was on for '$' plus thrown.

Final Characteristics:
 Your strength was 12 (limit:18/100).
 Your dexterity was 9 (limit:18).
 Your constitution was 13 (limit:18).
 Your intelligence was 17 (limit:18).
 Your wisdom was 15 (limit:18).
 Your charisma was 9 (limit:18).

Final Status:
 You weren't hungry.
 You were unencumbered.
 You were wielding a saber.
 You were unskilled in saber.

Final Attributes:
 You were fervently aligned.
 You had automatic searching.
 You are dead.

Miscellaneous:
 You didn't encounter any bones levels.
 Total elapsed playing time was 5 minutes and 5 seconds.

Major events:
 Turn
    1: ARFwashere the neutral male human Archeologist entered the dungeon
  816: entered the Gnomish Mines
  837: killed by a crossbow bolt

You didn't know any spells.

Skills:
 Fighting Skills
   bare handed combat [Unskilled]
   two weapon combat  [Unskilled]
   riding             [Unskilled]
 Weapon Skills
   dagger             [Unskilled]
   knife              [Unskilled]
   pick-axe           [Basic]
   short sword        [Unskilled]
   saber              [Unskilled]
   club               [Unskilled]
   quarterstaff       [Unskilled]
   sling              [Unskilled]
   dart               [Unskilled]
   boomerang          [Unskilled]
   whip               [Basic]
   unicorn horn       [Unskilled]
 Spellcasting Skills
   attack spells      [Unskilled]
   healing spells     [Unskilled]
   divination spells  [Unskilled]
   matter spells      [Unskilled]

Voluntary challenges:
 Character rerolling was not enabled.
 You were an atheist.
 You never genocided any monsters.
 You never polymorphed an object.
 You never changed form.
 You used no wishes.
Achievement:
 You entered the Gnomish Mines.

 The Dungeons of Doom: levels 1 to 3
    Level 1:
       A fountain.
    Level 2:
       Stairs down to The Gnomish Mines.
    Level 3:
 The Gnomish Mines:
    Level 3: <- You were here.
       Final resting place for
          you, killed by a crossbow bolt.


Vanquished creatures:
  a gnome leader
  2 gnomes
  5 jackals
  2 foxes
  a goblin
  2 sewer rats
  a grid bug
  4 newts
18 creatures vanquished.

No species were genocided or became extinct.

Game over:
                       ----------
                      /          \
                     /    REST    \
                    /      IN      \
                   /     PEACE      \
                  /                  \
                  |    ARFwashere    |
                  |      44 Au       |
                  |   killed by a    |
                  |  crossbow bolt   |
                  |                  |
                  |                  |
                  |       2026       |
                 *|     *  *  *      | *
        _________)/\\_//(\/(/\)/\//\/|_)_______

Goodbye ARFwashere the Archeologist...

You died in The Gnomish Mines on dungeon level 3 with 204 points,
and 44 pieces of gold, after 837 moves.
You were level 1 with a maximum of 13 hit points when you died.

